Map: Ascension to Aiur LE

Players

Hymy - Winner!

  • Race: Protoss Protoss
  • Spawn Location: 11:00

ZergGirl

  • Race: Zerg Zerg
  • Spawn Location: 5:00

Event: WCS Montreal 2017

VOD

Have the link to the VOD?

Description

Time

  • Played on: Sept. 8, 2017, 12:18 p.m.
  • Length: 20:20

All games in this series

Show
View Real Time Build Order
Export as new Build Order

Hymy Protoss - Winner!

Build Orders: 1 Gate Expand, Zealot Archon, Dark Templar Rush 

Get SALT Encoding   

  12  0:01  Probe (Chrono Boost)  
  13  0:11  Probe (Chrono Boost)  
  14  0:18  Pylon  
  14  0:22  Probe (Chrono Boost)  
  15  0:36  Probe (Chrono Boost)  
  15  0:39  Gateway  
  16  0:47  Probe (Chrono Boost)  
  16  0:48  Assimilator  
  17  0:57  Probe (Chrono Boost)  
  18  1:08  Probe (Chrono Boost)  
  20  1:18  Probe (Chrono Boost)  
  20  1:24  Nexus  
  20  1:35  Cybernetics Core  
  20  1:38  Probe (Chrono Boost)  
  21  1:43  Assimilator  
  21  1:49  Probe (Chrono Boost)  
  22  1:54  Pylon  
  22  2:00  Probe (Chrono Boost)  
  23  2:12  Probe, Adept (Chrono Boost)  
  23  2:13  Warp Gate  
  26  2:24  Mothership Core (Chrono Boost)  
  28  2:36  Probe (Chrono Boost), Twilight Council  
  31  2:44  Probe (Chrono Boost)  
  31  2:46  Probe (Chrono Boost)  
  33  2:55  Probe (Chrono Boost)  
  33  2:56  Robotics Facility  
  33  2:57  Probe (Chrono Boost)  
  34  3:05  Probe (Chrono Boost)  
  34  3:07  Probe (Chrono Boost)  
  35  3:16  Probe (Chrono Boost)  
  35  3:18  Probe (Chrono Boost)  
  36  3:26  Probe (Chrono Boost)  
  36  3:27  Dark Shrine, Gateway  
  36  3:28  Probe (Chrono Boost)  
  37  3:37  Probe (Chrono Boost)  
  37  3:39  Probe (Chrono Boost)  
  39  3:47  Probe (Chrono Boost)  
  40  3:50  Gateway x2  
  40  3:54  Warp Prism (Chrono Boost)  
  42  3:56  Probe  
  43  4:03  Probe, Pylon  
  43  4:06  Probe  
  43  4:07  Assimilator  
  45  4:12  Assimilator  
  45  4:15  Probe (Chrono Boost)  
  46  4:20  Probe (Chrono Boost)  
  47  4:27  Probe (Chrono Boost)  
  48  4:32  Probe (Chrono Boost)  
  48  4:38  Probe (Chrono Boost), Pylon  
  49  4:42  Probe (Chrono Boost)  
  49  4:44  Observer  
  51  4:49  Probe (Chrono Boost)  
  51  4:51  Nexus  
  52  4:53  Probe (Chrono Boost)  
  52  4:58  Dark Templar x3  
  59  5:01  Dark Templar  
  59  5:03  Probe (Chrono Boost)  
  59  5:05  Archon x2  
  62  5:09  Pylon  
  62  5:21  Pylon  
  62  5:27  Probe (Chrono Boost)  
  62  5:28  Probe (Chrono Boost), Immortal (Chrono Boost)  
  68  5:36  Probe  
  68  5:38  Pylon  
  68  5:40  Gateway  
  68  5:42  Probe, Forge  
  70  5:44  Gateway  
  70  5:48  Probe  
  70  5:55  Probe  
  72  5:58  Sentry x3  
  72  6:00  Probe  
  72  6:01  Immortal (Chrono Boost)  
  83  6:04  Pylon  
  83  6:15  Probe  
  83  6:18  Probe x2, Sentry, Protoss Ground Weapons Level 1 (Chrono Boost)  
  88  6:29  Blink (Chrono Boost)  
  88  6:30  Probe  
  89  6:34  Immortal  
  93  6:56  Gateway  
  93  6:57  Sentry x2, Gateway  
  93  6:58  Probe  
  93  7:00  Gateway  
  93  7:01  Assimilator  
  98  7:04  Assimilator  
  98  7:06  Probe  
  98  7:07  Gateway  
  98  7:08  Probe  
  100  7:09  Gateway  
  100  7:10  Pylon  
  100  7:11  Immortal  
  100  7:17  Probe  
  105  7:32  Templar Archives  
  105  7:34  Probe  
  105  7:36  Stalker  
  105  7:37  Stalker x2  
  110  7:40  Probe  
  110  7:42  Probe  
  114  7:49  Probe  
  114  7:50  Nexus  
  115  7:52  Pylon  
  115  8:00  Probe x2  
  115  8:02  Pylon  
  115  8:04  Robotics Facility  
  115  8:05  Immortal  
  117  8:10  Probe  
  122  8:14  Photon Cannon  
  122  8:15  Stalker  
  122  8:17  Photon Cannon  
  122  8:19  Pylon  
  124  8:21  Psionic Storm, Pylon  
  124  8:23  Pylon  
  124  8:24  Charge (Chrono Boost)  
  124  8:29  High Templar x2  
  128  8:36  Zealot  
  128  8:37  Zealot x3  
  136  8:44  Immortal  
  136  8:52  Stalker x5  
  150  9:01  Pylon  
  148  9:05  Stalker x3  
  148  9:06  Stalker  
  136  9:19  Stalker  
  136  9:20  Stalker x4  
  136  9:22  Probe  
  136  9:23  Probe x2  
  145  9:24  Probe  
  146  9:36  Zealot x2  
  146  9:37  Zealot x2  
  154  9:40  Immortal  
  154  9:42  High Templar  
  154  9:43  High Templar  
  162  9:50  Zealot x3  
  168  9:55  Protoss Ground Weapons Level 2  
  168  9:57  Sentry x2  
  172  10:00  Assimilator  
  172  10:04  Assimilator  
  172  10:07  Pylon  
  172  10:08  Pylon  
  172  10:30  Zealot  
  172  10:31  Zealot x7  
  170  10:48  Immortal  
  164  10:52  Photon Cannon  
  164  10:53  Immortal  
  164  10:54  Photon Cannon  
  164  10:55  Stargate  
  164  10:56  Photon Cannon, High Templar x2  
  172  11:23  Zealot x4  
  172  11:24  Zealot x5  
  160  11:33  Immortal  
  160  11:38  Immortal  
  158  11:40  Oracle  
  158  11:44  Fleet Beacon  
  159  11:49  High Templar x2  
  159  11:51  High Templar x4  
  171  11:55  Zealot x4  
  171  11:56  Archon  
  171  11:57  Archon  
  179  12:03  Protoss Ground Weapons Level 3  
  179  12:13  Pylon  
  179  12:14  Pylon  
  179  12:15  Stargate  
  179  12:16  Oracle  
  179  12:17  Stargate  
  182  12:32  Nexus, Pylon  
  182  12:36  Photon Cannon  
  182  12:40  Photon Cannon  
  182  12:42  Zealot x4  
  182  12:43  Zealot x3  
  196  12:51  Oracle  
  185  13:06  Zealot x7  
  195  13:21  Warp Prism  
  181  13:32  Tempest  
  179  14:28  Carrier x2 (Chrono Boost)  
  179  14:30  Zealot x4  
  199  14:39  Photon Cannon  
  199  14:41  Photon Cannon  
  199  14:43  Photon Cannon  
  199  14:44  Photon Cannon  
  199  14:51  Graviton Catapult  
  195  15:16  Assimilator  
  195  15:20  Assimilator  
  189  15:22  Pylon  
  187  15:29  Nexus  
  187  15:31  Pylon  
  187  15:32  Tempest (Chrono Boost)  
  167  15:50  Zealot x2  
  167  15:51  Zealot x5  
  167  15:54  Tempest x2 (Chrono Boost)  
  191  16:12  Tempest (Chrono Boost)  
  191  16:14  Zealot  
  195  16:31  Oracle (Chrono Boost)  
  196  16:33  High Templar x2  
  190  16:43  Zealot x3  
  190  16:44  Zealot x2  
  145  17:10  Stalker x8  
  145  17:11  Stalker  
  145  17:12  Probe  
  145  17:14  Oracle (Chrono Boost)  
  154  17:19  Carrier x2 (Chrono Boost)  
  138  17:35  Zealot  
  138  17:36  Zealot x7  
  152  17:44  High Templar x3  
  148  17:45  Nexus, Oracle (Chrono Boost)  
  127  18:08  High Templar x4  
  127  18:09  High Templar x2  
  127  18:11  Assimilator  
  127  18:12  Archon  
  133  18:13  Archon x2  
  133  18:16  Assimilator  
  133  18:17  Carrier (Chrono Boost)  
  139  18:30  Pylon  
  139  18:33  Pylon  
  137  18:39  Mothership Core  
  137  18:41  Oracle (Chrono Boost)  
  136  18:42  Observer x2  
  136  18:58  Zealot  
  136  18:59  Zealot x7  
  158  19:26  Zealot x5  
  168  19:34  Zealot x2  
  167  19:47  Zealot x4  
  169  19:55  Photon Cannon  
  162  20:11  Archon  
Show
View Real Time Build Order
Export as new Build Order

ZergGirl Zerg 

Build Orders: Hatch First, Lurkers 

Get SALT Encoding   

  12  0:01  Drone  
  13  0:12  Overlord  
  13  0:17  Drone  
  14  0:30  Drone x2  
  14  0:35  Drone  
  17  0:54  Hatchery  
  17  0:56  Drone  
  17  0:59  Drone  
  18  1:04  Extractor  
  18  1:06  Drone  
  18  1:20  Spawning Pool, Drone  
  18  1:28  Drone  
  19  1:41  Overlord  
  19  2:06  Queen  
  19  2:07  Metabolic Boost  
  19  2:08  Queen  
  21  2:09  Zergling x4  
  21  2:10  Drone  
  21  2:13  Drone  
  27  2:18  Drone  
  27  2:22  Drone  
  29  2:28  Drone  
  30  2:33  Drone  
  31  2:47  Zergling x2, Hatchery  
  31  2:53  Queen  
  31  2:54  Drone  
  31  2:57  Drone  
  35  2:59  Drone  
  35  3:05  Overlord  
  36  3:11  Drone  
  35  3:24  Overlord  
  35  3:25  Overlord  
  35  3:28  Drone x2  
  35  3:29  Drone  
  35  3:30  Roach Warren  
  35  3:34  Drone x2  
  39  3:37  Drone  
  39  3:39  Drone  
  41  3:48  Drone x4  
  45  3:51  Drone  
  46  3:59  Drone  
  46  4:00  Extractor, Drone x3  
  49  4:04  Queen  
  51  4:11  Drone  
  51  4:12  Roach  
  51  4:13  Roach  
  51  4:16  Roach x2  
  60  4:21  Roach  
  62  4:28  Roach  
  62  4:29  Roach  
  66  4:35  Overlord  
  66  4:36  Overlord  
  66  4:37  Evolution Chamber  
  64  4:43  Drone, Lair  
  64  4:44  Overlord  
  65  4:51  Overlord  
  65  4:52  Overlord  
  65  4:53  Queen  
  65  4:55  Drone  
  68  5:00  Drone x4  
  68  5:04  Drone x2  
  68  5:06  Drone x2  
  76  5:07  Drone  
  77  5:15  Zerg Missile Weapons Level 1  
  77  5:18  Drone  
  77  5:19  Drone x4  
  82  5:27  Ravager  
  81  5:35  Ravager  
  81  5:37  Roach x2  
  81  5:40  Extractor, Glial Reconstitution  
  81  5:41  Extractor  
  81  5:42  Drone x2  
  85  5:43  Drone x4  
  89  5:59  Hatchery  
  89  6:01  Drone x2  
  89  6:02  Hydralisk Den  
  89  6:06  Overlord x2  
  89  6:17  Overlord x2  
  89  6:18  Overlord  
  89  6:19  Overlord  
  89  6:26  Drone x2  
  89  6:27  Drone x6  
  89  6:28  Overlord x3  
  89  6:29  Ravager, Overlord  
  89  6:31  Muscular Augments  
  98  6:36  Hydralisk x2  
  98  6:39  Hydralisk  
  101  6:53  Hydralisk x3  
  107  7:03  Hydralisk x2  
  107  7:05  Drone  
  107  7:06  Drone x4  
  116  7:08  Extractor  
  116  7:09  Extractor, Overseer  
  114  7:21  Drone x5  
  114  7:22  Drone  
  120  7:33  Extractor  
  120  7:34  Extractor, Drone x2  
  120  7:35  Drone x4  
  120  7:36  Roach x2  
  128  7:39  Hydralisk  
  128  7:40  Hydralisk x3  
  136  7:46  Hydralisk x2  
  136  7:50  Hydralisk  
  142  7:56  Spore Crawler, Spine Crawler, Hydralisk x2  
  142  7:57  Spine Crawler, Hydralisk  
  144  7:59  Roach x2  
  148  8:09  Roach  
  148  8:12  Overlord x3  
  150  8:16  Roach, Hatchery  
  150  8:17  Extractor  
  150  8:18  Zerg Missile Weapons Level 2  
  150  8:20  Extractor, Overlord x4  
  150  8:24  Overlord  
  150  8:26  Spine Crawler  
  148  8:29  Queen  
  150  8:34  Infestation Pit  
  150  8:36  Roach x2  
  150  8:37  Roach  
  150  8:38  Overseer  
  150  8:39  Overlord  
  150  8:40  Overlord  
  155  8:42  Roach x3  
  161  8:52  Roach x2  
  161  8:53  Roach x6  
  175  8:59  Roach  
  160  9:07  Roach x3  
  160  9:10  Roach x3  
  150  9:18  Roach x5  
  150  9:19  Roach  
  150  9:21  Lurker Den  
  150  9:23  Drone x3  
  145  9:28  Roach x3  
  145  9:29  Hydralisk  
  153  9:41  Hydralisk  
  153  9:42  Hydralisk x6  
  153  9:44  Ravager x5  
  153  9:45  Ravager x3, Overseer  
  175  9:50  Hydralisk x2  
  175  9:52  Hydralisk  
  179  9:57  Hydralisk x2  
  186  10:00  Zergling x2  
  186  10:04  Drone x2  
  188  10:08  Hydralisk x4  
  188  10:11  Hydralisk  
  198  10:17  Overlord x5  
  198  10:18  Overlord  
  198  10:33  Overlord x2  
  196  10:40  Hydralisk  
  196  10:41  Hydralisk x7  
  190  10:46  Hydralisk x2  
  190  10:48  Drone x2  
  188  10:53  Hive  
  190  10:57  Roach x3  
  190  11:03  Lurker x3  
  190  11:04  Lurker x2  
  194  11:20  Roach x4  
  180  11:39  Drone  
  171  11:40  Drone x11  
  171  11:43  Queen  
  184  11:53  Spire  
  183  11:55  Overseer  
  183  11:56  Evolution Chamber  
  182  12:05  Zerg Missile Weapons Level 3  
  182  12:08  Lurker x5  
  185  12:10  Roach x6  
  199  12:15  Spine Crawler  
  199  12:16  Spine Crawler  
  197  12:42  Pneumatized Carapace  
  195  12:47  Hatchery  
  193  12:55  Hydralisk  
  193  12:56  Hydralisk x3  
  198  12:59  Overseer  
  198  13:00  Overseer  
  198  13:04  Hydralisk x2  
  198  13:05  Hydralisk x2  
  199  13:09  Greater Spire  
  184  13:55  Corruptor  
  184  13:56  Corruptor x7  
  184  13:59  Hatchery  
  184  14:02  Queen  
  192  14:03  Extractor, Drone x3  
  192  14:05  Spine Crawler x2  
  192  14:06  Spine Crawler x2  
  192  14:08  Spine Crawler  
  192  14:09  Spine Crawler  
  180  14:11  Spine Crawler  
  179  14:23  Mutalisk x2  
  182  14:27  Drone x5  
  182  14:28  Drone  
  187  14:45  Hatchery  
  182  14:48  Hatchery  
  182  14:49  Brood Lord x2  
  182  14:50  Brood Lord x5  
  189  15:01  Overseer  
  189  15:09  Drone  
  189  15:10  Drone x6  
  189  15:13  Corruptor x3  
  200  15:18  Hatchery  
  185  15:30  Corruptor x3  
  185  15:31  Corruptor  
  193  15:37  Hydralisk x3  
  193  15:44  Overseer  
  193  15:50  Hydralisk x3  
  193  15:55  Extractor  
  198  15:58  Hydralisk  
  198  16:01  Zerg Ground Armor Level 1  
  187  16:34  Hydralisk x10  
  187  16:35  Hydralisk x2  
  188  16:40  Corruptor x3  
  178  16:48  Hydralisk x3  
  172  17:02  Hydralisk x4  
  170  17:09  Hydralisk x5  
  170  17:10  Hydralisk  
  173  17:19  Hydralisk  
  173  17:20  Hydralisk x2  
  170  17:25  Hydralisk  
  164  17:31  Hydralisk x3  
  164  17:34  Drone x3  
  169  17:37  Spawning Pool, Hydralisk  
  168  17:45  Hydralisk x3  
  168  17:50  Extractor  
  159  17:53  Hydralisk x2  
  146  18:08  Hydralisk x2, Lurker x3  
  152  18:15  Hydralisk  
  152  18:16  Hydralisk x2  
  158  18:29  Hydralisk  
  158  18:32  Overseer  
  159  18:35  Lurker  
  160  18:45  Hydralisk x3  
  160  18:46  Hydralisk  
  160  18:47  Hatchery  
  165  18:58  Drone x3  
  165  19:01  Queen x2  
  172  19:06  Hydralisk  
  172  19:07  Hydralisk x2  
  148  19:50  Spore Crawler  
  148  19:51  Spine Crawler x2  
Tags
 
Add a new tag
Caveats
  • Supply blocks, unpowered buildings, or Contaminate may cause inaccurate times.
  • Supply counts are checked every 10 seconds.